 Dungeon Crawl Stone Soup version 0.29.0-11-gd7f09526c8 (webtiles) character file.

Game seed: 14350485947675689662

634 xian the Firebug (level 7, -7/50 (52) HPs)
             Began as a Green Draconian Fire Elementalist on Sept 7, 2022.
             Mangled by a wight
             ... wielding a +0 great sword
              (18 damage)
             ... in an ossuary.
             The game lasted 00:12:25 (4508 turns).

xian the Firebug (DrFE)                             Turns: 4508, Time: 00:12:26

HP:   -7/50 (52)    AC:  8    Str: 10    XL:     7   Next: 25%
MP:   13/13         EV: 12    Int: 27    God:
Gold: 317           SH:  5    Dex:  7    Spells: 13/14 levels left

rFire   + . .      SeeInvis .   p - +2 dagger (venom)
rCold   . . .      Faith    .   (no shield)
rNeg    . . .      Spirit   .   (body armour unavailable)
rPois   +          Reflect  +   k - +2 hat {Int+3}
rElec   .          Harm     +   (no cloak)
rCorr   +          Rampage  .   (no gloves)
Will    ++...                   (no boots)
Stlth   ++........              d - amulet of Terra Nullius {Reflect Harm Will++ rCorr Dex-4 SH+5}
HPRegen 0.16/turn               j - ring of protection from fire
MPRegen 0.13/turn               l - +6 ring of intelligence

@: slowed, lightly drained, very slow
A: breathe noxious fumes, AC +6, unfitting armour, poison resistance,
cold-blooded
a: Breathe Noxious Fumes


You were in an ossuary.
You visited 1 branch of the dungeon, and saw 4 of its levels.
You also visited: Ossuary.

You collected 317 gold pieces.

Inventory:

Hand Weapons
 p - a +2 dagger of venom (weapon)
 w - a +5 dagger
Armour
 k - a +2 hat of intelligence (worn)
 u - the +8 chain mail of Giajuujo {Drain rF+++ Str-2 Int+6}
   (You found it on level 3 of the Dungeon)

   Str:       It affects your strength (-2).
   Int:       It affects your intelligence (+6).
   rF:        It renders you almost immune to fire.
   Drain:     It drains your maximum health when unequipped.
Jewellery
 d - the amulet of Terra Nullius (around neck) {Reflect Harm Will++ rCorr Dex-4 SH+5}
   (You acquired it on level 4 of the Dungeon)

   [amulet of reflection]

   It reflects blocked missile attacks.
   Dex:       It affects your dexterity (-4).
   rCorr:     It protects you from acid and corrosion.
   SH:        It affects your SH (+5).
   Harm:      It increases damage dealt and taken.
   Will:      It greatly increases your willpower.
 i - an amulet of the acrobat
 j - a ring of protection from fire (left hand)
 l - a +6 ring of intelligence (right hand)
Wands
 t - a wand of polymorph (3)
 y - a wand of charming (11)
Scrolls
 b - a scroll of amnesia
 c - 2 scrolls of teleportation
 e - a scroll of vulnerability
 o - 2 scrolls of enchant armour
 A - a scroll of noise
Potions
 a - 2 potions of magic
 f - a potion of attraction
 n - a potion of lignification
 r - 3 potions of flight
 s - a potion of berserk rage {unknown}
 x - a potion of haste {unknown}


   Skills:
 + Level 1.0 Fighting
 + Level 1.5 Short Blades
 + Level 2.7 Dodging
 + Level 2.4 Stealth
 + Level 1.0 Shields
 + Level 0.2 Unarmed Combat
 + Level 4.2 Spellcasting
 + Level 3.6 Conjurations
 + Level 4.8 Fire Magic


You had 13 spell levels left.
You knew the following spells:

 Your Spells              Type           Power      Damage    Failure   Level
a - Foxfire               Conj/Fire      100%       2x1d9     1%          1

Your spell library contained the following spells:

 Spells                   Type           Power      Damage    Failure   Level
 Scorch                   Fire           62%        2d8       1%          2
 Conjure Flame            Conj/Fire      28%        6-21      4%          3
 Inner Flame              Hex/Fire       18%        N/A       9%          3
 Ensorcelled Hibernation  Hex/Ice        10%        N/A       12%         2
 Passwall                 Tmut/Erth      4%         N/A       12%         2
 Flame Wave               Conj/Fire      28%        2d9       14%         4
 Gell's Gravitas          Tloc           5%         N/A       24%         3
 Lesser Beckoning         Tloc           5%         N/A       24%         3
 Swiftness                Air            5%         N/A       24%         3
 Teleport Other           Tloc           5%         N/A       24%         3


Dungeon Overview and Level Annotations

Branches:
Dungeon (4/15)            Ossuary (1/1)
 Temple: D:4-7

Altars:


Innate Abilities, Weirdness & Mutations

You can breathe blasts of noxious fumes.
Your lurid green scales are hard. (AC +6)
You cannot fit into any form of body armour.
Your system is resistant to poisons. (rPois)
You are cold-blooded and may be slowed by cold attacks.


Message History

You start resting.
You feel less attractive to monsters.
You feel less wooden.
Your +2 hat of intelligence unmelds from your body.
You feel clever.
Magic restored.
You flicker for a moment.
You feel a little less mighty now.
You flicker back into view.
A wight comes into view. It is wielding a +0 great sword.
Okay, then.
Aiming: Breathe Noxious Fumes (5% risk of failure)
Press: ? - help, Shift-Dir - straight line, f - you
Okay, then.
Really quaff the potion of lignification?
Okay, then.
You hit the wight but do no damage.
You tail-slap the wight, but do no damage.
The wight closely misses you.
You hit the wight.
The wight is lightly damaged.
The wight hits you with a +0 great sword!
* * * LOW HITPOINT WARNING * * *
You hit the wight.
The wight is heavily damaged.
The wight hits you with a +0 great sword.
* * * LOW HITPOINT WARNING * * *
You block the wight's attack.
You hit the wight but do no damage.
The wight is heavily damaged.
The wight barely misses you.
You feel better. The wight completely misses you.
The wight hits you with a +0 great sword.
* * * LOW HITPOINT WARNING * * *
You feel drained.
Unknown command.
You hit the wight but do no damage.
Your tail-slap misses the wight.
The wight is heavily damaged.
The wight hits you with a +0 great sword!
You die...

###############
#.........@z..#
#.[##.###.##'.#
#.#.#.#z#.#.#.#
#.###.###.###.#
#.............#
#.............#
#.###.....###.#
#.#z#.....#z#.#
#.###.....###.#


You could see a wight.

Vanquished Creatures
  A wraith (Ossuary)
  A kobold brigand (D:4)
  A scorpion (D:4)
  A wight (Ossuary)
  A human zombie (D:4)
  Ijyb (D:3)
  2 human skeletons (D:4)
  4 gnolls
  7 adders
  4 adder zombies (Ossuary)
  2 dart slugs (D:1)
  7 orcs
  9 ball pythons
  9 endoplasms
  3 giant cockroaches
  6 goblins
  9 hobgoblins
  2 jackals (D:1)
  2 quokkas (D:1)
  2 ball python skeletons (Ossuary)
  5 bats
  2 frilled lizards (D:2)
  A hobgoblin skeleton (Ossuary)
  4 kobolds
  2 kobold zombies (Ossuary)
  An orc skeleton (D:4)
  An orc zombie (Ossuary)
  A rat (D:1)
91 creatures vanquished.

Vanquished Creatures (others)
  366 foxfires
366 creatures vanquished.

Grand Total: 457 creatures vanquished

Notes
Turn   | Place    | Note
-------+----------+-------------------------------------------
     0 | D:1      | xian the Draconian Fire Elementalist began the quest for
                  | the Orb.
     0 | D:1      | Reached XP level 1. HP: 14/14 MP: 3/3
   307 | D:1      | Reached XP level 2. HP: 20/20 MP: 1/5
  1183 | D:1      | Reached XP level 3. HP: 26/26 MP: 2/6
  1376 | D:1      | You fall into a shaft and drop 1 floor!
  2137 | D:2      | Reached XP level 4. HP: 33/33 MP: 1/7
  3121 | D:3      | Reached XP level 5. HP: 38/38 MP: 2/9
  3293 | D:3      | Identified the +8 chain mail of Giajuujo {Drain rF+++ Str-2
                  | Int+6}
  3392 | D:3      | Noticed Ijyb
  3458 | D:3      | Killed Ijyb
  3814 | D:4      | Identified a scroll of acquirement
  3815 | D:4      | Acquired the amulet of Terra Nullius {Reflect Harm Will++
                  | rCorr Dex-4 SH+5}
  3872 | D:4      | Acquired a +2 hat of intelligence
  3914 | D:4      | Reached XP level 6. HP: 45/45 MP: 5/11
  4137 | D:4      | Found a sand-covered staircase.
  4145 | Ossuary  | Entered an ossuary
  4344 | Ossuary  | Noticed a flying skull
  4344 | Ossuary  | Noticed a wraith
  4363 | Ossuary  | Noticed a flying skull
  4392 | Ossuary  | Noticed a flying skull
  4415 | Ossuary  | Noticed a wraith
  4450 | Ossuary  | Killed a wraith
  4451 | Ossuary  | Reached skill level 1 in Fighting
  4451 | Ossuary  | Reached skill level 1 in Short Blades
  4451 | Ossuary  | Reached skill level 1 in Shields
  4451 | Ossuary  | Your scales start taking on a lurid green colour.
  4451 | Ossuary  | Reached XP level 7. HP: 19/52 MP: 10/13
  4451 | Ossuary  | Gained mutation: Your system is resistant to poisons.
                  | (rPois) [Green Draconian growth]
  4499 | Ossuary  | Noticed a flying skull
  4508 | Ossuary  | Mangled by a wight

Illustrated notes

Levels and vault maps discovered:
D:1:      erik_arrival_triangle_huge, layout_basic, hangedman_feature_mirror
D:2:      layout_basic
D:3:      layout_rooms, kennysheep_generic_room_2, uniq_ijyb
D:4:      layout_cave_pools, trog_wizard, nicolae_ossuary_entry_catacombs
Ossuary:  ossuary_due_cavern

Skill      XL: |  1  2  3  4  5  6 |
---------------+-------------------+-----
Fire Magic     | 4 |  4.8
Conjurations   | 2 3 |  3.6
Stealth        | 2 |  2.4
Spellcasting   | 3 4 |  4.2
Dodging        | 2 |  2.7
Fighting       | 1 |  1.0
Short Blades   | 1 |  1.5
Shields        | 1 |  1.0
Unarmed Combat | |  0.2

Action                   |  1- 3 |  4- 6 |  7- 9 || total
-------------------------+-------+-------+-------++-------
Melee: Unarmed           |    20 |     2 |       ||    22
       Tailslap          |     3 |    14 |     1 ||    18
       Dagger            |    26 |    87 |     5 ||   118
       Punch             |       |     1 |       ||     1
 Cast: Foxfire           |    97 |   126 |       ||   223
  Use: Scroll            |       |    13 |       ||    13
       Potion            |       |     7 |     1 ||     8
 Stab: Sleeping          |       |     4 |       ||     4
Armor: Skin              |    27 |    45 |       ||    72
Dodge: Dodged            |    68 |    60 |     3 ||   131
Block: Other             |       |    19 |     1 ||    20
       Reflection        |       |     1 |       ||     1
